General information
- name: BNet
- type: Ladder 1vs1/FFA
- host: Battle.net
- saver: WesFSTGDB
map: RoadToStratholme
- players: 2
- length: 25:07
- speed: Fast
- version: 1.25 W3XP
- replay type: Public
» download(94 KB)
Players
team 1 (winner)
WesFSTGDB (
red | 138 APM | 3462 actions | 25:07)
5 Death Knight
2 Death Coil
2 Unholy Aura
1 Death Pact
5 Dark Ranger
3 Black Arrow
2 Silence
» actions
| Assign group hotkey | 37 | |
| Basic commands | 896 | |
| Build / train | 66 | |
| Enter build submenu | 27 | |
| Enter hero's abilities submenu | 10 | |
| Give item / drop item | 4 | |
| Right click | 1255 | |
| Select / deselect | 576 | |
| Select group hotkey | 498 | |
| Use ability | 92 | |
3462 total
» units
| Acolyte | 6 | |
| Ghoul | 6 | |
| Crypt Fiend | 9 | |
| Obsidian Statue | 4 | |
25 total
» upgrades
| Creature Carapace | 1 | |
| Creature Attack | 1 | |
| Web | 1 | |
3 total
» buildings
| Graveyard | 1 | |
| Crypt | 3 | |
| Altar of Darkness | 1 | |
| Ziggurat | 10 | |
| Spirit Tower | 3 | |
| Tomb of Relics | 1 | |
| Halls of the Dead | 4 | |
| Slaughterhouse | 1 | |
| Necropolis | 5 | |
29 total
» build order
00:10 Graveyard
00:22 Crypt
00:44 Altar of Darkness
01:03 Ziggurat
01:58 Spirit Tower
02:09 Ziggurat
02:58 Tomb of Relics
03:01 Spirit Tower
03:50 Ziggurat
04:47 Spirit Tower
07:14 Halls of the Dead
10:03 Slaughterhouse
10:06 Ziggurat
12:34 Ziggurat
12:35 Ziggurat
15:23 Ziggurat
15:23 Ziggurat
15:25 Ziggurat
16:08 Necropolis
17:13 Ziggurat
17:54 Halls of the Dead
17:54 Halls of the Dead
20:26 Necropolis
22:33 Necropolis
22:47 Crypt
23:13 Necropolis
23:16 Necropolis
25:04 Crypt
» items
| Rod of Necromancy | 2 | |
| Scroll of Town Portal | 1 | |
| Potion of Lesser Invulnerability | 1 | |
| Scroll of Healing | 1 | |
| Scroll of Protection | 2 | |
| Boots of Speed | 2 | |
9 total
team 2 (loser)
infernarater (
pink | 56 APM | 1395 actions | 25:05)
3 Goblin Alchemist
1 Healing Spray
2 Chemical Rage
» actions
| Basic commands | 43 | |
| Build / train | 84 | |
| Enter build submenu | 33 | |
| Enter hero's abilities submenu | 3 | |
| Remove unit from queue | 3 | |
| Right click | 631 | |
| Select / deselect | 500 | |
| Use ability | 98 | |
1395 total
» units
| Peasant | 35 | |
| Mortar Team | 15 | |
| Footman | 4 | |
| Rifleman | 6 | |
60 total
» upgrades
» buildings
| Lumber Mill | 2 | |
| Scout Tower | 13 | |
| Guard Tower | 17 | |
| Farm | 8 | |
| Altar of Kings | 1 | |
| Keep | 2 | |
| Blacksmith | 1 | |
| Workshop | 2 | |
| Barracks | 1 | |
| Arcane Vault | 1 | |
48 total
» build order
00:17 Lumber Mill
01:01 Scout Tower
01:01 Scout Tower
01:02 Scout Tower
01:10 Scout Tower
01:27 Guard Tower
01:27 Guard Tower
01:27 Guard Tower
01:31 Guard Tower
01:31 Guard Tower
01:31 Guard Tower
01:31 Guard Tower
01:44 Guard Tower
02:05 Scout Tower
02:11 Farm
02:19 Guard Tower
02:24 Scout Tower
02:46 Lumber Mill
02:53 Guard Tower
03:05 Altar of Kings
03:34 Scout Tower
04:07 Farm
04:16 Scout Tower
04:26 Keep
04:26 Keep
04:36 Scout Tower
05:02 Scout Tower
05:05 Guard Tower
05:15 Scout Tower
05:21 Scout Tower
05:26 Blacksmith
05:33 Guard Tower
05:39 Guard Tower
06:12 Guard Tower
06:16 Scout Tower
06:24 Farm
07:10 Workshop
15:37 Workshop
16:26 Farm
16:41 Farm
17:51 Farm
17:54 Barracks
18:51 Farm
19:27 Farm
23:09 Arcane Vault
Chat log
(11:32 / All) infernarater: lol
(22:50 / All) infernarater: gg man u got nothing
(24:51 / All) WesFSTGDB: you sure abou that?